 Dungeon Crawl Stone Soup version 0.25-a0-55-g0753fd1ad2 (console) character file.

Game seed: 8912851357844443502, levelgen mode: deterministic

78 AlterAsc the Ruffian (level 4, 16/35 HPs)
             Began as a Draconian Transmuter on Oct 24, 2019.
             Quit the game on level 2 of the Dungeon on Oct 25, 2019.
             The game lasted 00:14:09 (1770 turns).

AlterAsc the Ruffian (Draconian Transmuter)         Turns: 1770, Time: 00:14:09

Health: 16/35      AC:  5    Str: 12    XL:     4   Next: 15%
Magic:  0/7        EV: 12    Int: 15    God:
Gold:   60         SH:  0    Dex: 11    Spells: 2/8 levels left

rFire    . . .     SeeInvis .   g - +0 club
rCold    . . .     Gourm    .   (no shield)
rNeg     . . .     Faith    .   (armour unavailable)
rPois    .         Spirit   +   (helmet restricted)
rElec    .         Reflect  .   n - scarf {Spirit}
rCorr    .         Harm     .   (no gloves)
MR       .....                  (no boots)
Stlth    +.........             (no amulet)
HPRegen  0.11/turn              (no ring)
MPRegen  0.10/turn              (no ring)

@: quite poisoned (16 -> 10)
A: unfitting armour, cold-blooded, AC +5
a: no special abilities


You were on level 2 of the Dungeon.
You were not hungry.

You visited 1 branch of the dungeon, and saw 2 of its levels.

You collected 60 gold pieces.

Inventory:

Hand Weapons
 g - a +0 club (weapon)
Missiles
 a - 59 arrows
 b - 5 sling bullets
 d - 41 stones (quivered)
 k - 39 bolts
 m - 15 poisoned darts
Armour
 n - a scarf of spirit shield (worn)
Scrolls
 f - a scroll of blinking {unknown}
 o - a scroll of magic mapping {unknown}
Potions
 e - 3 potions of heal wounds {unknown}
 h - a potion of berserk rage {unknown}
 i - a potion of resistance {unknown}
 j - a potion of might {unknown}
 l - a potion of curing {unknown}
Comestibles
 c - 4 rations


   Skills:
 + Level 1.5 Fighting
 + Level 0.6 Maces & Flails
 + Level 0.1 Throwing
 + Level 2.4 Dodging
 + Level 0.9 Stealth
 + Level 3.3 Unarmed Combat
 + Level 2.6 Spellcasting
 + Level 2.3 Transmutations
 + Level 0.2 Poison Magic


You had 2 spell levels left.
You knew the following spells:

 Your Spells              Type           Power        Failure   Level  Hunger
a - Beastly Appendage     Tmut           #.....       8%          1    #......
b - Sticks to Snakes      Tmut           #.......     12%         2    ###....
c - Spider Form           Tmut/Pois      #.........   36%         3    ###....

Your spell library contained the following spells:

 Spells                   Type           Power        Failure   Level  Hunger
 Ice Form                 Ice/Tmut       #.......     77%         4    #####..
 Blade Hands              Tmut           #.........   91%         5    ######.


Dungeon Overview and Level Annotations

Branches:
Dungeon (2/15)

Altars:


Innate Abilities, Weirdness & Mutations

Your plain brown scales are hard. (AC +5)
You cannot fit into any form of body armour.
You are cold-blooded and may be slowed by cold attacks.


Message History

The quokka closely misses you. The adder bites you.
You are more poisoned.
The adder poisons you! The kobold hits you but does no damage.
You finish putting on your scarf of spirit shield.
You feel your power drawn to a protective spirit.
You feel sick. The quokka barely misses you. The adder barely misses you.
The quokka bites you but does no damage.
There are monsters nearby!
You feel sick. The kobold closely misses you.
You see here a stone.
You feel sick.
The quokka twitches its whiskers.
The adder barely misses you.
You hit the quokka.
The quokka is heavily wounded.
You feel sick.
The quokka bites you but does no damage.
The adder closely misses you. The quokka closely misses you.
You feel sick. The adder bites you but does no damage.
Are you sure you want to abandon this character and quit the game? (Confirm with "yes".)

...# #.# ##
####.###.##
....#.........#
#.....#.######.
#.####.........
#.......#######
#.#
#.###.........
#..
#......#####..
#$..<.###@###
##.. #.S...#
#...###K#r#.#..
#..?.............
#.....(.....#....
#...........#....
#...........# ...
#.(........... .#
#...........###


You could see an adder, a quokka and a kobold.

Vanquished Creatures
  A crimson imp (D:2)
  3 dart slugs
  A worm (D:2)
  3 leopard geckos
  4 bats
  2 giant cockroaches (D:1)
  3 goblins
  3 hobgoblins (D:1)
  3 jackals (D:1)
  A kobold (D:1)
  A ball python (D:1)
  A frilled lizard (D:1)
  5 rats
31 creatures vanquished.

Vanquished Creatures (collateral kills)
  A dart slug (D:1)
1 creature vanquished.

Grand Total: 32 creatures vanquished

Notes
Turn   | Place    | Note
-------+----------+-------------------------------------------
     0 | D:1      | AlterAsc the Draconian Transmuter began the quest for the
                  | Orb.
     0 | D:1      | Reached XP level 1. HP: 16/16 MP: 3/3
   344 | D:1      | Reached XP level 2. HP: 18/23 MP: 3/5
   348 | D:1      | Learned a level 2 spell: Sticks to Snakes
  1069 | D:1      | Reached XP level 3. HP: 21/28 MP: 6/6
  1074 | D:1      | Learned a level 3 spell: Spider Form
  1338 | D:2      | Reached XP level 4. HP: 23/35 MP: 0/7
  1456 | D:2      | Upgraded the game from 0.25-a0-50-gf0389da217 to
                  | 0.25-a0-55-g0753fd1ad2
  1770 | D:2      | Quit the game

Levels and vault maps discovered:
D:1:      dpeg_arrival_castle, layout_loops_corners
D:2:      minmay_general_purpose_star, layout_basic, lemuel_crystal_altar,
          nicolae_qazlal_general_emergency, first_ration, grunt_decor_one_mirror

Table legend:
 A = Non-vault XP
 B = Vault XP
 C = Vault XP percentage of total XP
 D = Non-vault monster count
 E = Vault monster count
 F = Vault count percentage of total count
                 A         B        C        D         E       F
            +---------+---------+-------+---------+---------+-------
      Total |     112 |       0 |   0.0 |      32 |       0 |   0.0
            +---------+---------+-------+---------+---------+-------
        D:1 |      45 |       0 |   0.0 |      23 |       0 |   0.0
        D:2 |      67 |       0 |   0.0 |       9 |       0 |   0.0
            +---------+---------+-------+---------+---------+-------
